Connexion

WINNIPEG Jets vs COLORADO Avalanche (R2)

Created - 21 août 2023 at 05:59

Goals
1 2 3 T
WINNIPEG Jets 0 1 0 1
COLORADO Avalanche 2 0 1 3
Shots
1 2 3 T
WINNIPEG Jets 6 16 5 27
COLORADO Avalanche 4 1 6 11

GoalsPenalties
1st period
1. COLORADO Avalanche , Johnny Gaudreau 1 (Alexander Wennberg 2, Mark Pysyk 2) at 7:06
2. COLORADO Avalanche , Philip Tomasino 2 (Evgeny Svechnikov 2) at 9:13
Artemi Panarin (COL) for Roughing (Minor) at 2:10
Anton Lindholm (WPG) for High sticking (Minor) at 2:10
Anze Kopitar (COL) for High sticking (Minor) at 11:56
Anthony Mantha (COL) for Diving (Minor) at 14:19
2nd period
3. WINNIPEG Jets , Noah Cates 4 (Neal Pionk 6, Dmitrij Jaskin 11) at 3:17
Christian Djoos (COL) for Elbowing (Minor) at 6:10
Luke Glendening (COL) for Holding (Minor) at 6:40
Brenden Dillon (COL) for Holding (Minor) at 9:48
Brenden Dillon (COL) for Tripping (Minor) at 14:46
Christian Djoos (COL) for Delaying the game (Minor) at 15:20
3rd period
4. COLORADO Avalanche , Artemi Panarin 3 (Tyler Toffoli 2, Anze Kopitar 1) at 19:04
Brenden Dillon (COL) for Roughing (Minor) at 2:03
Goalie Stats
Ukko-Pekka Luukkonen (WPG), 8 saves from 11 shots - (0,727), L, 3-3-1, 60:00 minutes
Braden Holtby (COL), 26 saves from 27 shots - (0,963), W, 5-3-1, 60:00 minutes
3 StarsOfficial
1 - Braden Holtby (COL)
2 - Philip Tomasino (COL)
3 - Johnny Gaudreau (COL)
Referees : Greg Kimmerly and Stephane Auger
Linesman : Derek Nansen and Pierre Champoux
Game Note
No Game Note
Finance
Level 1 -- Attendance: 6000 (100,00%) -- Ticket Income 600 000 $
Level 2 -- Attendance: 5007 (100,00%) -- Ticket Income 400 560 $
Level 3 -- Attendance: 1183 (59,15%) -- Ticket Income 82 810 $
Level 4 -- Attendance: 3065 (76,63%) -- Ticket Income 122 600 $
Luxury Box -- Attendance: 440 (44,00%) -- Ticket Income 220 000 $
Game was played at the Pepsi Center.
Total Attendance: 15695 (87,16%)
Total Ticket Income: 1 425 970 $
Other Income: 285 194 $
Total Income: 1 711 164 $



Team Name Goals Shots Shots Attemp Shots Blocked PIM HIT PP PK FO%
WINNIPEG Jets 1275532220 / 8 (0%)051%
COLORADO Avalanche 31123818260 / 0 (0,00%049%

WINNIPEG Jets
Player Name POS G A P +/- PIM HIT SHT SB MP PP MP PP SHT PK MP PK SHT FO% FOT
Alexei ToropchenkoRW000000305:490:0000:0000% 0
Anthony BeauvillierC/LW0000001011:356:5700:000100% 1
Anthony DuclairLW/RW000-2000015:010:0000:0000% 1
Anton LindholmD000-2210015:330:0000:0000% 0
Colton ParaykoD0001000218:135:4900:0000% 0
Damon SeversonD000-1013026:217:0920:0000% 0
Dawson MercerC0000030023:346:5700:00031% 32
Dmitrij JaskinLW/RW0110035021:506:0110:0000% 0
Dominic KubalikLW000-2001015:490:0000:000100% 1
Eeli TolvanenLW/RW0000023015:366:0130:00050% 2
Jake EvansC/RW000000204:380:0000:00086% 7
Jeff Petry D000-1021017:430:3300:0000% 0
Kasperi KapanenLW/RW0000002016:326:5720:000100% 1
Neal PionkD0111030021:197:0900:0000% 0
Noah CatesLW1010021015:490:0000:000100% 3
Olli JuoleviD000-2004120:505:1640:0000% 0
Rasmus KupariC0000011016:476:0110:00052% 23
Vincent TrocheckC000-2040015:010:0000:00064% 11
COLORADO Avalanche
Player Name POS G A P +/- PIM HIT SHT SB MP PP MP PP SHT PK MP PK SHT FO% FOT
Alex ChiassonLW/RW000001004:580:0000:0000% 0
Alexander WennbergC0110012119:300:0002:47055% 22
Anthony ManthaLW/RW0000222016:290:0000:0200% 2
Anze KopitarC0111211014:390:0000:10058% 19
Artemi PanarinLW1011211014:290:0000:0000% 0
Brenden DillonD0001670016:440:0001:2500% 0
Christian DjoosD0000410217:530:0004:4200% 0
Evgeny SvechnikovRW0111000012:300:0002:520100% 1
Glenn GawdinC/LW000000007:500:0002:52020% 5
Gustav LindstromD0001000015:220:0000:0000% 0
Jake MuzzinD0001070124:350:0006:0700% 0
Johnny GaudreauLW1010012115:570:0000:0000% 0
Luke GlendeningC/RW0001200016:060:0006:13065% 17
Mark PysykD0110011220:030:0006:5100% 0
Martin FrkRW000000004:580:0000:0000% 0
Oscar KlefbomD0001010125:180:0006:5000% 0
Philip TomasinoC1011001011:490:0000:58025% 12
Tyler ToffoliLW/RW0111021022:500:0007:07025% 4



Play-by-Play

1st period


0:01 of 1st period - Alexander Wennberg wins face-off versus Dawson Mercer in neutral zone.
1:05 of 1st period - Icing by Dawson Mercer.
1:06 of 1st period - Dawson Mercer wins face-off versus Philip Tomasino in WINNIPEG Jets zone.
1:18 of 1st period - Philip Tomasino is hit by Jeff Petry and loses puck.
1:37 of 1st period - Icing by Philip Tomasino.
1:38 of 1st period - Evgeny Svechnikov wins face-off versus Vincent Trocheck in COLORADO Avalanche zone.
1:38 of 1st period - Gustav Lindstrom is hit by Vincent Trocheck and loses puck.
1:45 of 1st period - Shot by Dominic Kubalik.
1:45 of 1st period - Stopped by Braden Holtby with a rebound.
2:10 of 1st period - Minor Penalty to Artemi Panarin for Roughing.
2:10 of 1st period - Minor Penalty to Anton Lindholm for High sticking.
2:11 of 1st period - Luke Glendening wins face-off versus Rasmus Kupari in WINNIPEG Jets zone.
2:22 of 1st period - Shot by Jake Muzzin.
2:22 of 1st period - Shot Blocked by Colton Parayko.
2:25 of 1st period - Icing by Colton Parayko.
2:26 of 1st period - Rasmus Kupari wins face-off versus Anthony Mantha in WINNIPEG Jets zone.
2:26 of 1st period - Rasmus Kupari is hit by Anthony Mantha.
2:40 of 1st period - Shot by Alexei Toropchenko.
2:40 of 1st period - Shot Blocked by Christian Djoos.
2:56 of 1st period - Icing by Colton Parayko.
2:57 of 1st period - Rasmus Kupari wins face-off versus Philip Tomasino in WINNIPEG Jets zone.
3:01 of 1st period - Alexei Toropchenko is hit by Jake Muzzin and loses puck.
3:13 of 1st period - Icing by Oscar Klefbom.
3:14 of 1st period - Philip Tomasino wins face-off versus Dawson Mercer in COLORADO Avalanche zone.
3:20 of 1st period - Icing by Oscar Klefbom.
3:21 of 1st period - Philip Tomasino wins face-off versus Dawson Mercer in COLORADO Avalanche zone.
4:23 of 1st period - Shot by Alex Chiasson.
4:23 of 1st period - Shot Misses the Net.
5:25 of 1st period - Icing by Olli Juolevi.
5:26 of 1st period - Kasperi Kapanen wins face-off versus Anze Kopitar in WINNIPEG Jets zone.
5:45 of 1st period - Eeli Tolvanen is hit by Jake Muzzin and loses puck.
7:06 of 1st period - Shot by Johnny Gaudreau.
7:06 of 1st period - Goal by Johnny Gaudreau - WINNIPEG Jets : 0 - COLORADO Avalanche : 1.
7:07 of 1st period - Jake Evans wins face-off versus Philip Tomasino in neutral zone.
7:24 of 1st period - Off-side.
7:25 of 1st period - Dawson Mercer wins face-off versus Alexander Wennberg in neutral zone.
9:06 of 1st period - Philip Tomasino is hit by Anton Lindholm and loses puck.
9:13 of 1st period - Shot by Philip Tomasino.
9:13 of 1st period - Goal by Philip Tomasino - WINNIPEG Jets : 0 - COLORADO Avalanche : 2.
9:14 of 1st period - Anze Kopitar wins face-off versus Rasmus Kupari in neutral zone.
9:25 of 1st period - Shot by Artemi Panarin.
9:25 of 1st period - Deflect By Tyler Toffoli.
9:25 of 1st period - Stopped by Ukko-Pekka Luukkonen without a rebound.
9:26 of 1st period - Dawson Mercer wins face-off versus Glenn Gawdin in WINNIPEG Jets zone.
9:41 of 1st period - Shot by Dmitrij Jaskin.
9:41 of 1st period - Stopped by Braden Holtby without a rebound.
9:42 of 1st period - Anze Kopitar wins face-off versus Anthony Duclair in COLORADO Avalanche zone.
9:44 of 1st period - Icing by Tyler Toffoli.
9:45 of 1st period - Anze Kopitar wins face-off versus Vincent Trocheck in COLORADO Avalanche zone.
10:49 of 1st period - Jake Muzzin is hit by Vincent Trocheck.
10:50 of 1st period - Icing by Jake Muzzin.
10:51 of 1st period - Alexander Wennberg wins face-off versus Dawson Mercer in COLORADO Avalanche zone.
10:51 of 1st period - Alexander Wennberg is hit by Dmitrij Jaskin.
11:02 of 1st period - Off-side.
11:03 of 1st period - Rasmus Kupari wins face-off versus Philip Tomasino in neutral zone.
11:20 of 1st period - Shot by Kasperi Kapanen.
11:20 of 1st period - Shot Hit the Post.
11:39 of 1st period - Icing by Olli Juolevi.
11:40 of 1st period - Anze Kopitar wins face-off versus Rasmus Kupari in WINNIPEG Jets zone.
11:44 of 1st period - Icing by Kasperi Kapanen.
11:45 of 1st period - Anze Kopitar wins face-off versus Rasmus Kupari in WINNIPEG Jets zone.
11:53 of 1st period - Icing by Anton Lindholm.
11:54 of 1st period - Rasmus Kupari wins face-off versus Tyler Toffoli in WINNIPEG Jets zone.
11:56 of 1st period - Minor Penalty to Anze Kopitar for High sticking.
11:57 of 1st period - Luke Glendening wins face-off versus Dawson Mercer in COLORADO Avalanche zone.
12:13 of 1st period - Kasperi Kapanen is hit by Jake Muzzin and loses puck.
12:16 of 1st period - Shot by Kasperi Kapanen.
12:16 of 1st period - Stopped by Braden Holtby without a rebound.
12:17 of 1st period - Luke Glendening wins face-off versus Rasmus Kupari in COLORADO Avalanche zone.
12:48 of 1st period - Shot by Rasmus Kupari.
12:48 of 1st period - Stopped by Braden Holtby without a rebound.
12:49 of 1st period - Luke Glendening wins face-off versus Dawson Mercer in COLORADO Avalanche zone.
13:07 of 1st period - Shot by Kasperi Kapanen.
13:07 of 1st period - Shot Misses the Net.
14:16 of 1st period - Shot by Anthony Duclair.
14:16 of 1st period - Shot Misses the Net.
14:19 of 1st period - Minor Penalty to Anthony Mantha for Diving.
14:20 of 1st period - Rasmus Kupari wins face-off versus Luke Glendening in COLORADO Avalanche zone.
14:23 of 1st period - Shot by Olli Juolevi.
14:23 of 1st period - Shot Misses the Net.
14:25 of 1st period - Shot by Eeli Tolvanen.
14:25 of 1st period - Stopped by Braden Holtby with a rebound.
16:12 of 1st period - Icing by Colton Parayko.
16:13 of 1st period - Rasmus Kupari wins face-off versus Luke Glendening in WINNIPEG Jets zone.
16:21 of 1st period - Anthony Duclair is hit by Brenden Dillon and loses puck.
16:28 of 1st period - Anton Lindholm is hit by Anthony Mantha and loses puck.
16:33 of 1st period - Shot by Anthony Mantha.
16:33 of 1st period - Stopped by Ukko-Pekka Luukkonen without a rebound.
16:34 of 1st period - Glenn Gawdin wins face-off versus Jake Evans in WINNIPEG Jets zone.
16:34 of 1st period - Alex Chiasson is hit by Damon Severson and loses puck.
16:40 of 1st period - Alexei Toropchenko is hit by Alex Chiasson and loses puck.
16:44 of 1st period - Jeff Petry is hit by Brenden Dillon and loses puck.
17:13 of 1st period - Shot by Jake Evans.
17:13 of 1st period - Stopped by Braden Holtby without a rebound.
17:14 of 1st period - Alexander Wennberg wins face-off versus Dawson Mercer in COLORADO Avalanche zone.
17:20 of 1st period - Off-side.
17:21 of 1st period - Noah Cates wins face-off versus Anze Kopitar in neutral zone.
18:25 of 1st period - Johnny Gaudreau is hit by Noah Cates and loses puck.
19:30 of 1st period - Kasperi Kapanen is hit by Brenden Dillon and loses puck.
19:38 of 1st period - Icing by Brenden Dillon.
19:39 of 1st period - Jake Evans wins face-off versus Philip Tomasino in COLORADO Avalanche zone.
Goals for this period are 0 for WINNIPEG Jets vs 2 for COLORADO Avalanche .
Shots for this period are 6 for WINNIPEG Jets vs 4 for COLORADO Avalanche .

2nd period


0:01 of 2nd period - Anze Kopitar wins face-off versus Dawson Mercer in neutral zone.
0:29 of 2nd period - Icing by Oscar Klefbom.
0:30 of 2nd period - Vincent Trocheck wins face-off versus Tyler Toffoli in COLORADO Avalanche zone.
0:38 of 2nd period - Tyler Toffoli is hit by Neal Pionk.
1:15 of 2nd period - Icing by Oscar Klefbom.
1:16 of 2nd period - Anze Kopitar wins face-off versus Dawson Mercer in COLORADO Avalanche zone.
1:16 of 2nd period - Anze Kopitar is hit by Dmitrij Jaskin.
1:19 of 2nd period - Icing by Oscar Klefbom.
1:20 of 2nd period - Dawson Mercer wins face-off versus Tyler Toffoli in COLORADO Avalanche zone.
1:21 of 2nd period - Shot by Dmitrij Jaskin.
1:21 of 2nd period - Stopped by Braden Holtby with a rebound.
1:48 of 2nd period - Shot by Dmitrij Jaskin.
1:48 of 2nd period - Shot Misses the Net.
1:50 of 2nd period - Shot by Jeff Petry .
1:50 of 2nd period - Shot Blocked by Jake Muzzin.
1:52 of 2nd period - Shot by Jeff Petry .
1:52 of 2nd period - Stopped by Braden Holtby with a rebound.
1:54 of 2nd period - Shot by Damon Severson.
1:54 of 2nd period - Stopped by Braden Holtby without a rebound.
1:55 of 2nd period - Rasmus Kupari wins face-off versus Alexander Wennberg in COLORADO Avalanche zone.
1:56 of 2nd period - Shot by Olli Juolevi.
1:56 of 2nd period - Shot Misses the Net.
1:58 of 2nd period - Shot by Rasmus Kupari.
1:58 of 2nd period - Shot Blocked by Johnny Gaudreau.
2:00 of 2nd period - Shot by Kasperi Kapanen.
2:00 of 2nd period - Shot Misses the Net.
2:02 of 2nd period - Shot by Anton Lindholm.
2:02 of 2nd period - Shot Misses the Net.
2:04 of 2nd period - Shot by Kasperi Kapanen.
2:04 of 2nd period - Shot Blocked by Alexander Wennberg.
2:34 of 2nd period - Shot by Johnny Gaudreau.
2:34 of 2nd period - Deflect By Alexander Wennberg.
2:34 of 2nd period - Shot Blocked by Olli Juolevi.
2:57 of 2nd period - Icing by Mark Pysyk.
2:58 of 2nd period - Dawson Mercer wins face-off versus Alexander Wennberg in COLORADO Avalanche zone.
3:17 of 2nd period - Shot by Noah Cates.
3:17 of 2nd period - Goal by Noah Cates - WINNIPEG Jets : 1 - COLORADO Avalanche : 2.
3:18 of 2nd period - Philip Tomasino wins face-off versus Vincent Trocheck in neutral zone.
4:44 of 2nd period - Icing by Oscar Klefbom.
4:45 of 2nd period - Anze Kopitar wins face-off versus Dawson Mercer in COLORADO Avalanche zone.
4:45 of 2nd period - Anze Kopitar is hit by Dmitrij Jaskin.
4:51 of 2nd period - Dawson Mercer is hit by Anze Kopitar and loses puck.
4:57 of 2nd period - Anton Lindholm is hit by Oscar Klefbom.
5:55 of 2nd period - Icing by Jake Muzzin.
5:56 of 2nd period - Jake Evans wins face-off versus Anze Kopitar in COLORADO Avalanche zone.
5:57 of 2nd period - Shot by Alexei Toropchenko.
5:57 of 2nd period - Stopped by Braden Holtby without a rebound.
5:58 of 2nd period - Jake Evans wins face-off versus Alexander Wennberg in COLORADO Avalanche zone.
6:05 of 2nd period - Shot by Alexei Toropchenko.
6:05 of 2nd period - Deflect By Anthony Beauvillier.
6:05 of 2nd period - Stopped by Braden Holtby without a rebound.
6:06 of 2nd period - Rasmus Kupari wins face-off versus Alexander Wennberg in COLORADO Avalanche zone.
6:10 of 2nd period - Minor Penalty to Christian Djoos for Elbowing.
6:11 of 2nd period - Luke Glendening wins face-off versus Dawson Mercer in COLORADO Avalanche zone.
6:22 of 2nd period - Shot by Damon Severson.
6:22 of 2nd period - Stopped by Braden Holtby without a rebound.
6:23 of 2nd period - Rasmus Kupari wins face-off versus Luke Glendening in COLORADO Avalanche zone.
6:30 of 2nd period - Shot by Dmitrij Jaskin.
6:30 of 2nd period - Shot Misses the Net.
6:32 of 2nd period - Shot by Neal Pionk.
6:32 of 2nd period - Shot Blocked by Mark Pysyk.
6:34 of 2nd period - Shot by Dmitrij Jaskin.
6:34 of 2nd period - Stopped by Braden Holtby without a rebound.
6:35 of 2nd period - Luke Glendening wins face-off versus Dawson Mercer in COLORADO Avalanche zone.
6:35 of 2nd period - Luke Glendening is hit by Dawson Mercer.
6:40 of 2nd period - Minor Penalty to Luke Glendening for Holding.
6:41 of 2nd period - Dawson Mercer wins face-off versus Alexander Wennberg in COLORADO Avalanche zone.
6:55 of 2nd period - Shot by Neal Pionk.
6:55 of 2nd period - Shot Misses the Net.
7:01 of 2nd period - Shot by Damon Severson.
7:01 of 2nd period - Stopped by Braden Holtby without a rebound.
7:02 of 2nd period - Alexander Wennberg wins face-off versus Rasmus Kupari in COLORADO Avalanche zone.
7:41 of 2nd period - Shot by Olli Juolevi.
7:41 of 2nd period - Stopped by Braden Holtby without a rebound.
7:42 of 2nd period - Alexander Wennberg wins face-off versus Dawson Mercer in COLORADO Avalanche zone.
8:03 of 2nd period - Shot by Kasperi Kapanen.
8:03 of 2nd period - Shot Blocked by Oscar Klefbom.
8:17 of 2nd period - Shot by Damon Severson.
8:17 of 2nd period - Shot Blocked by Christian Djoos.
8:19 of 2nd period - Shot by Damon Severson.
8:19 of 2nd period - Shot Misses the Net.
8:21 of 2nd period - Shot by Kasperi Kapanen.
8:21 of 2nd period - Deflect By Anthony Beauvillier.
8:21 of 2nd period - Shot Misses the Net.
8:23 of 2nd period - Shot by Anthony Beauvillier.
8:23 of 2nd period - Deflect By Kasperi Kapanen.
8:23 of 2nd period - Shot Blocked by Mark Pysyk.
8:25 of 2nd period - Shot by Damon Severson.
8:25 of 2nd period - Deflect By Dawson Mercer.
8:25 of 2nd period - Shot Misses the Net.
8:34 of 2nd period - Icing by Kasperi Kapanen.
8:35 of 2nd period - Dawson Mercer wins face-off versus Philip Tomasino in WINNIPEG Jets zone.
9:18 of 2nd period - Anthony Duclair is hit by Brenden Dillon and loses puck.
9:48 of 2nd period - Minor Penalty to Brenden Dillon for Holding.
9:49 of 2nd period - Luke Glendening wins face-off versus Eeli Tolvanen in COLORADO Avalanche zone.
10:21 of 2nd period - Off-side.
10:22 of 2nd period - Luke Glendening wins face-off versus Dawson Mercer in neutral zone.
10:25 of 2nd period - Kasperi Kapanen is hit by Tyler Toffoli and loses puck.
10:56 of 2nd period - Shot by Dawson Mercer.
10:56 of 2nd period - Shot Misses the Net.
10:58 of 2nd period - Shot by Kasperi Kapanen.
10:58 of 2nd period - Stopped by Braden Holtby without a rebound.
10:59 of 2nd period - Rasmus Kupari wins face-off versus Glenn Gawdin in COLORADO Avalanche zone.
12:22 of 2nd period - Off-side.
12:23 of 2nd period - Jake Evans wins face-off versus Glenn Gawdin in neutral zone.
12:37 of 2nd period - Off-side.
12:38 of 2nd period - Tyler Toffoli wins face-off versus Dawson Mercer in neutral zone.
12:42 of 2nd period - Artemi Panarin is hit by Neal Pionk and loses puck.
14:46 of 2nd period - Minor Penalty to Brenden Dillon for Tripping.
14:47 of 2nd period - Dawson Mercer wins face-off versus Luke Glendening in COLORADO Avalanche zone.
15:20 of 2nd period - Minor Penalty to Christian Djoos for Delaying the game.
15:21 of 2nd period - Rasmus Kupari wins face-off versus Alexander Wennberg in COLORADO Avalanche zone.
15:24 of 2nd period - Shot by Olli Juolevi.
15:24 of 2nd period - Stopped by Braden Holtby without a rebound.
15:25 of 2nd period - Eeli Tolvanen wins face-off versus Alexander Wennberg in COLORADO Avalanche zone.
15:32 of 2nd period - Shot by Olli Juolevi.
15:32 of 2nd period - Stopped by Braden Holtby without a rebound.
15:33 of 2nd period - Alexander Wennberg wins face-off versus Rasmus Kupari in COLORADO Avalanche zone.
15:33 of 2nd period - Alexander Wennberg is hit by Eeli Tolvanen.
15:53 of 2nd period - Shot by Dmitrij Jaskin.
15:53 of 2nd period - Deflect By Eeli Tolvanen.
15:53 of 2nd period - Stopped by Braden Holtby without a rebound.
15:54 of 2nd period - Alexander Wennberg wins face-off versus Dawson Mercer in COLORADO Avalanche zone.
16:54 of 2nd period - Shot by Eeli Tolvanen.
16:54 of 2nd period - Shot Misses the Net.
16:56 of 2nd period - Shot by Eeli Tolvanen.
16:56 of 2nd period - Stopped by Braden Holtby without a rebound.
16:57 of 2nd period - Rasmus Kupari wins face-off versus Luke Glendening in COLORADO Avalanche zone.
17:10 of 2nd period - Shot by Olli Juolevi.
17:10 of 2nd period - Stopped by Braden Holtby without a rebound.
17:11 of 2nd period - Luke Glendening wins face-off versus Rasmus Kupari in COLORADO Avalanche zone.
17:11 of 2nd period - Luke Glendening is hit by Eeli Tolvanen.
17:44 of 2nd period - Icing by Anthony Duclair.
17:45 of 2nd period - Vincent Trocheck wins face-off versus Anze Kopitar in WINNIPEG Jets zone.
19:17 of 2nd period - Shot by Johnny Gaudreau.
19:17 of 2nd period - Stopped by Ukko-Pekka Luukkonen without a rebound.
19:18 of 2nd period - Jake Evans wins face-off versus Luke Glendening in WINNIPEG Jets zone.
Goals for this period are 1 for WINNIPEG Jets vs 0 for COLORADO Avalanche .
Shots for this period are 16 for WINNIPEG Jets vs 1 for COLORADO Avalanche .

3rd period


0:01 of 3rd period - Alexander Wennberg wins face-off versus Dawson Mercer in neutral zone.
0:01 of 3rd period - Alexander Wennberg is hit by Noah Cates.
0:10 of 3rd period - Shot by Johnny Gaudreau.
0:10 of 3rd period - Shot Misses the Net.
0:12 of 3rd period - Shot by Alexander Wennberg.
0:12 of 3rd period - Shot Misses the Net.
0:17 of 3rd period - Alexander Wennberg is hit by Jeff Petry and loses puck.
0:20 of 3rd period - Shot by Johnny Gaudreau.
0:20 of 3rd period - Shot Misses the Net.
0:22 of 3rd period - Shot by Alexander Wennberg.
0:22 of 3rd period - Stopped by Ukko-Pekka Luukkonen without a rebound.
0:23 of 3rd period - Anze Kopitar wins face-off versus Rasmus Kupari in WINNIPEG Jets zone.
0:35 of 3rd period - Shot by Mark Pysyk.
0:35 of 3rd period - Shot Misses the Net.
2:01 of 3rd period - Shot by Dmitrij Jaskin.
2:01 of 3rd period - Stopped by Braden Holtby without a rebound.
2:02 of 3rd period - Vincent Trocheck wins face-off versus Philip Tomasino in COLORADO Avalanche zone.
2:02 of 3rd period - Dominic Kubalik is hit by Brenden Dillon and loses puck.
2:03 of 3rd period - Minor Penalty to Brenden Dillon for Roughing.
2:04 of 3rd period - Luke Glendening wins face-off versus Dawson Mercer in COLORADO Avalanche zone.
2:04 of 3rd period - Luke Glendening is hit by Dawson Mercer.
2:26 of 3rd period - Shot by Damon Severson.
2:26 of 3rd period - Shot Misses the Net.
3:15 of 3rd period - Shot by Eeli Tolvanen.
3:15 of 3rd period - Shot Misses the Net.
3:17 of 3rd period - Shot by Olli Juolevi.
3:17 of 3rd period - Shot Misses the Net.
3:19 of 3rd period - Shot by Colton Parayko.
3:19 of 3rd period - Shot Misses the Net.
5:17 of 3rd period - Shot by Jake Evans.
5:17 of 3rd period - Stopped by Braden Holtby without a rebound.
5:18 of 3rd period - Anze Kopitar wins face-off versus Dawson Mercer in COLORADO Avalanche zone.
5:18 of 3rd period - Anze Kopitar is hit by Dawson Mercer.
6:00 of 3rd period - Shot by Mark Pysyk.
6:00 of 3rd period - Stopped by Ukko-Pekka Luukkonen without a rebound.
6:01 of 3rd period - Alexander Wennberg wins face-off versus Rasmus Kupari in WINNIPEG Jets zone.
6:02 of 3rd period - Shot by Johnny Gaudreau.
6:02 of 3rd period - Shot Blocked by Colton Parayko.
6:39 of 3rd period - Kasperi Kapanen is hit by Jake Muzzin and loses puck.
7:35 of 3rd period - Shot by Anthony Duclair.
7:35 of 3rd period - Shot Misses the Net.
7:47 of 3rd period - Gustav Lindstrom is hit by Vincent Trocheck and loses puck.
8:01 of 3rd period - Icing by Gustav Lindstrom.
8:02 of 3rd period - Luke Glendening wins face-off versus Dawson Mercer in COLORADO Avalanche zone.
9:27 of 3rd period - Shot by Alexei Toropchenko.
9:27 of 3rd period - Stopped by Braden Holtby without a rebound.
9:28 of 3rd period - Vincent Trocheck wins face-off versus Glenn Gawdin in COLORADO Avalanche zone.
9:38 of 3rd period - Vincent Trocheck is hit by Brenden Dillon and loses puck.
10:38 of 3rd period - Off-side.
10:39 of 3rd period - Anthony Beauvillier wins face-off versus Alexander Wennberg in neutral zone.
10:52 of 3rd period - Shot by Johnny Gaudreau.
10:52 of 3rd period - Shot Misses the Net.
11:02 of 3rd period - Shot by Alexei Toropchenko.
11:02 of 3rd period - Stopped by Braden Holtby without a rebound.
11:03 of 3rd period - Anze Kopitar wins face-off versus Dawson Mercer in COLORADO Avalanche zone.
11:12 of 3rd period - Shot by Dmitrij Jaskin.
11:12 of 3rd period - Stopped by Braden Holtby without a rebound.
11:13 of 3rd period - Dawson Mercer wins face-off versus Anthony Mantha in COLORADO Avalanche zone.
11:57 of 3rd period - Noah Cates is hit by Alexander Wennberg and loses puck.
12:19 of 3rd period - Off-side.
12:20 of 3rd period - Vincent Trocheck wins face-off versus Philip Tomasino in neutral zone.
12:22 of 3rd period - Anthony Duclair is hit by Brenden Dillon and loses puck.
12:57 of 3rd period - Shot by Evgeny Svechnikov.
12:57 of 3rd period - Shot Misses the Net.
13:18 of 3rd period - Icing by Vincent Trocheck.
13:19 of 3rd period - Vincent Trocheck wins face-off versus Anze Kopitar in WINNIPEG Jets zone.
13:19 of 3rd period - Vincent Trocheck is hit by Artemi Panarin.
13:51 of 3rd period - Icing by Anton Lindholm.
13:52 of 3rd period - Alexander Wennberg wins face-off versus Vincent Trocheck in WINNIPEG Jets zone.
13:59 of 3rd period - Shot by Anthony Mantha.
13:59 of 3rd period - Stopped by Ukko-Pekka Luukkonen without a rebound.
14:00 of 3rd period - Alexander Wennberg wins face-off versus Dawson Mercer in WINNIPEG Jets zone.
14:28 of 3rd period - Damon Severson is hit by Johnny Gaudreau.
15:23 of 3rd period - Kasperi Kapanen is hit by Jake Muzzin.
16:07 of 3rd period - Icing by Anze Kopitar.
16:08 of 3rd period - Vincent Trocheck wins face-off versus Anze Kopitar in COLORADO Avalanche zone.
16:08 of 3rd period - Dominic Kubalik is hit by Jake Muzzin and loses puck.
16:47 of 3rd period - Gustav Lindstrom is hit by Vincent Trocheck and loses puck.
17:05 of 3rd period - Luke Glendening is hit by Neal Pionk and loses puck.
17:20 of 3rd period - Shot by Johnny Gaudreau.
17:20 of 3rd period - Shot Misses the Net.
17:22 of 3rd period - Shot by Alexander Wennberg.
17:22 of 3rd period - Stopped by Ukko-Pekka Luukkonen without a rebound.
17:23 of 3rd period - Alexander Wennberg wins face-off versus Rasmus Kupari in WINNIPEG Jets zone.
17:42 of 3rd period - Shot by Alexander Wennberg.
17:42 of 3rd period - Shot Misses the Net.
18:06 of 3rd period - Christian Djoos is hit by Rasmus Kupari and loses puck.
18:10 of 3rd period - Icing by Christian Djoos.
18:11 of 3rd period - Noah Cates wins face-off versus Alexander Wennberg in COLORADO Avalanche zone.
18:11 of 3rd period - Noah Cates is hit by Mark Pysyk.
18:20 of 3rd period - Dawson Mercer is hit by Christian Djoos and loses puck.
18:32 of 3rd period - Icing by Dmitrij Jaskin.
18:33 of 3rd period - Noah Cates wins face-off versus Anze Kopitar in WINNIPEG Jets zone.
18:33 of 3rd period - Neal Pionk is hit by Tyler Toffoli and loses puck.
18:38 of 3rd period - Shot by Anze Kopitar.
18:38 of 3rd period - Stopped by Ukko-Pekka Luukkonen without a rebound.
18:39 of 3rd period - Dominic Kubalik wins face-off versus Anze Kopitar in WINNIPEG Jets zone.
18:43 of 3rd period - Dominic Kubalik is hit by Jake Muzzin and loses puck.
19:04 of 3rd period - Shot by Artemi Panarin.
19:04 of 3rd period - Goal by Artemi Panarin - WINNIPEG Jets : 1 - COLORADO Avalanche : 3.
19:05 of 3rd period - Dawson Mercer wins face-off versus Philip Tomasino in neutral zone.
Goals for this period are 0 for WINNIPEG Jets vs 1 for COLORADO Avalanche .
Shots for this period are 5 for WINNIPEG Jets vs 6 for COLORADO Avalanche .